 Dungeon Crawl Stone Soup version 0.19.0 (webtiles) character file.

6943 Jerry the Spear-Bearer (level 10, -2/61 HPs)
             Began as a Minotaur Monk on Nov 2, 2016.
             Was an Elder of Hepliaklqana.
             Slain by a spriggan rider
             ... wielding a +0 spear
              (4 damage)
             ... on level 3 of the Lair of Beasts.
             The game lasted 00:41:00 (8297 turns).

Jerry the Spear-Bearer (Minotaur Monk)              Turns: 8297, Time: 00:41:01

Health: -2/61      AC: 10    Str: 20    XL:     10   Next: 80%
Magic:  8/8        EV: 12    Int:  7    God:    Hepliaklqana [****..]
Gold:   73         SH:  0    Dex: 10    Spells: 1 memorised, 7 levels left

rFire  . . .     SeeInvis +     B - +5 glaive (vamp)
rCold  + . .     Gourm    .     g - +0 ring mail {rPois}
rNeg   . . .     Faith    .     (shield currently unavailable)
rPois  +         Spirit   .     (helmet restricted)
rElec  +         Reflect  .     (no cloak)
rCorr  .         Harm     .     (no gloves)
MR     .....                    F - +1 pair of boots
Stlth  +.........               l - amulet of regeneration
                                t - ring of see invisible
                                J - ring of protection from cold

@: hasted, very quick
A: retaliatory headbutt, reduced essence, horns 2, clumsy 1, frail 1, low mp 1,
electricity resistance, slow regeneration 1
a: Recall Ancestor, Ancestor Identity, Transference, Idealise, Renounce Religion


You were on level 3 of the Lair of Beasts.
You worshipped Hepliaklqana.
Hepliaklqana was greatly pleased with you.
You were not hungry.

You visited 3 branches of the dungeon, and saw 12 of its levels.

You collected 584 gold pieces.
You spent 511 gold pieces at shops.

Inventory:

Hand Weapons
 B - a +5 vampiric glaive (weapon)
Missiles
 K - 2 tomahawks of dispersal (quivered)
Armour
 g - a +0 ring mail of poison resistance (worn)
 F - a +1 pair of boots (worn)
 H - a +2 shield
Jewellery
 l - an amulet of regeneration (around neck)
 p - an uncursed ring of fire
 s - an uncursed ring of resist corrosion
 t - a ring of see invisible (right hand)
 J - a ring of protection from cold (left hand)
 N - an uncursed amulet of rage {unknown}
Wands
 u - a wand of digging (14/24)
 E - a wand of hasting (2/9)
 O - a wand of lightning (3/15)
Scrolls
 e - 6 scrolls of remove curse
 f - a scroll of fog
 j - a scroll of identify
 q - 5 scrolls of teleportation
 C - a scroll of noise {unknown}
 D - 2 scrolls of immolation {unknown}
 G - a scroll of magic mapping {unknown}
 I - a scroll of fear {unknown}
 Q - a scroll of summoning {unknown}
Potions
 d - a potion of magic
 h - 2 potions of lignification
 i - a potion of cancellation
 k - a potion of mutation {unknown}
 m - a potion of brilliance {unknown}
 n - 4 potions of might {unknown}
 o - 2 potions of degeneration {unknown}
 w - a potion of beneficial mutation {unknown}
 z - a potion of agility {unknown}
 P - a potion of berserk rage {unknown}
 S - 2 potions of curing
Books
 b - a book of Changes

   Spells                             Type                      Level
   a - Beastly Appendage              Transmutation                1
   b - Sticks to Snakes               Transmutation                2
   c - Spider Form                    Transmutation/Poison         3
   d - Ice Form                       Ice/Transmutation            4
   e - Blade Hands                    Transmutation                5
 A - a book of Geomancy

   Spells                             Type                      Level
   a - Sandblast                      Earth                        1
   b - Passwall                       Transmutation/Earth          2
   c - Stone Arrow                    Conjuration/Earth            3
   d - Petrify                        Transmutation/Earth          4
   e - Lee's Rapid Deconstruction     Earth                        5
 L - a book of Frost

   Spells                             Type                      Level
   a - Freeze                         Ice                          1
   b - Throw Frost                    Conjuration/Ice              2
   c - Ozocubu's Armour               Charms/Ice                   3
   d - Throw Icicle                   Conjuration/Ice              4
   e - Summon Ice Beast               Ice/Summoning                4
Comestibles
 a - 2 chunks of flesh
 c - 9 bread rations
 v - 4 meat rations


   Skills:
 - Level 3.6 Fighting
 + Level 13.9 Polearms
 + Level 13.4 Armour
 - Level 3.2 Dodging
 - Level 1.5 Stealth


You had 7 spell levels left.
You knew the following spells:

 Your Spells              Type           Power        Failure   Level  Hunger
a - Blink                 Tloc           N/A          89%         2    ###....


Dungeon Overview and Level Annotations

Branches:
Dungeon (8/15)             Temple (1/1) D:7            Lair (3/6) D:8
 Shoals (0/4) Lair:2
  Snake: Lair:2-4    Spider: Lair:2-4

Altars:
Ashenzari
Dithmenos
Elyvilon
Fedhas
Gozag
Hepliaklqana
Kikubaaqudgha
Makhleb
Nemelex Xobeh
Okawaru
Qazlal
Ru
Sif Muna
Trog
Uskayaw
Vehumet
Xom
Yredelemnul
The Shining One

Shops:
D:6 }*(**


Innate Abilities, Weirdness & Mutations

You reflexively headbutt those who attack you in melee.
You have a pair of horns on your head.
Your life essence is reduced. (-10% HP)
You are clumsy. (Dex -2)
You are frail. (-10% HP)
Your magical capacity is low. (-10% MP)
You are resistant to electric shocks. (rElec)
You regenerate slowly when monsters are visible.


Message History

The curare-tipped needle hits you.
You slash the polar bear! Your headbutt misses the polar bear.
The polar bear is moderately wounded.
Tep barely misses the polar bear.
The polar bear bites you! The polar bear closely misses you.
The polar bear claws you but does no damage.
You slash the polar bear!
The polar bear is heavily wounded.
The spriggan rider unwields an uncursed blowgun.
The spriggan rider wields an uncursed spear.
The spriggan rider hits you with an uncursed spear!!
Tep closely misses the polar bear.
The polar bear bites you. The polar bear barely misses you.
The polar bear closely misses you.
The spriggan rider hits you from afar with an uncursed spear!!
* * * LOW HITPOINT WARNING * * *
Tep barely misses the polar bear.
The polar bear bites Tep!!
Tep blocks the polar bear's attack.
The polar bear barely misses Tep.
You feel yourself speed up. The bullfrog barely misses you.
The spriggan rider hits you from afar with an uncursed spear.
You die...

......##..P.....##
#................#
##...............P.#
#...).............P#
#..................
###...##..#.....#####
......##........#
#PP.....#...#.....
##♣(....@....#.....
♣.%.%FR.♣....#...
..P.%..hi..%.....#.
...P.............
.P.......%...♣...
....%8......P...
...8....8.....♣.
.P......P.%..%♣
..%..........%.


You could see the friendly Tep the knight, a spriggan rider, a polar bear and a
bullfrog.

Vanquished Creatures
  A siren (Lair:2)
  A black mamba (Lair:2)
  A spiny frog (Lair:1)
  A merfolk (Lair:2)
  3 hippogriffs
  A spriggan (D:7)
  2 yaks (Lair:1)
  A basilisk (Lair:2)
  Menkaure (D:6)
  A water moccasin (Lair:2)
  3 porcupines
  An orc warrior (D:5)
  3 black bears (D:8)
  A sky beast (D:6)
  4 ogres
  3 crocodiles
  2 centaurs (D:7)
  6 bullfrogs
  A wyvern zombie (D:8)
  A scorpion (D:7)
  2 wights (D:7)
  An electric eel (Lair:2)
  A howler monkey (D:5)
  4 crimson imps
  A quasit (D:8)
  3 hounds
  5 orc priests
  2 gnoll shamans
  2 jellies
  An orc wizard (D:6)
  2 iguanas
  2 worker ants
  2 hound zombies
  A hound skeleton (D:6)
  5 gnolls
  6 adders
  2 shadow imps
  A worm (D:2)
  3 dart slugs
  4 leopard geckos
  20 orcs
  7 giant cockroaches
  9 goblins
  5 hobgoblins
  2 quokkas
  3 bats
  6 frilled lizards
  10 kobolds
  6 rats
  A spectral orc (D:7)
157 creatures vanquished.

Vanquished Creatures (collateral kills)
  Joseph (Lair:1)
  4 yaks (Lair:1)
  2 crocodiles
  2 bullfrogs
  A wight (D:7)
  An electric eel (Lair:2)
  A hound (D:7)
  An orc priest (D:7)
  An orc wizard (D:7)
  A gnoll shaman (D:7)
  A worker ant (D:7)
  7 gnolls
  A leopard gecko (D:7)
  3 orcs (D:7)
27 creatures vanquished.

Grand Total: 184 creatures vanquished

Notes
Turn   | Place    | Note
-------+----------+-------------------------------------------
     0 | D:1      | Jerry the Minotaur Monk began the quest for the Orb.
     0 | D:1      | Reached XP level 1. HP: 19/19 MP: 0/0
   117 | D:1      | Reached skill level 1 in Armour
   217 | D:1      | Reached XP level 2. HP: 19/26 MP: 1/1
  1198 | D:2      | Reached XP level 3. HP: 31/31 MP: 2/2
  1535 | D:2      | Found a radiant altar of Vehumet.
  1644 | D:3      | Reached XP level 4. HP: 16/39 MP: 3/3
  1647 | D:3      | Reached skill level 5 in Polearms
  2265 | D:3      | Reached XP level 5. HP: 45/45 MP: 4/4
  2586 | D:4      | Reached XP level 6. HP: 51/51 MP: 5/5
  2656 | D:4      | Reached skill level 5 in Armour
  2890 | D:5      | Entered Level 5 of the Dungeon
  3083 | D:5      | Found a burning altar of Makhleb.
  3093 | D:5      | Reached XP level 7. HP: 38/57 MP: 6/6
  3429 | D:6      | Noticed Menkaure
  3530 | D:6      | Found Ehios's General Store.
  3530 | D:6      | Found Ippubux's Assorted Antiques.
  3558 | D:6      | Found a sacrificial altar of Ru.
  3626 | D:6      | Killed Menkaure
  3641 | D:6      | Found Zajiew's Gadget Boutique.
  3668 | D:6      | Found an ancient bone altar of Kikubaaqudgha.
  3711 | D:6      | Found a hide-covered altar of Uskayaw.
  3711 | D:6      | Noticed a dagger
  3711 | D:6      | Noticed a hand axe
  3899 | D:5      | Reached XP level 8. HP: 56/64 MP: 7/7
  3950 | D:6      | Learned a level 2 spell: Blink
  4022 | D:6      | Found Hionix's Assorted Antiques.
  4035 | D:6      | Found Pel Miaps's Weapon Emporium.
  4061 | D:6      | Found a faded altar of an unknown god.
  4061 | D:6      | Found a faded altar of an unknown god.
  4065 | D:6      | Gained mutation: You are frail. (-10% HP) [mutagenic meat]
  4066 | D:6      | Gained mutation: Your magical capacity is low. (-10% MP) [mutagenic meat]
  4067 | D:6      | Gained mutation: You are clumsy. (Dex -2) [mutagenic meat]
  4068 | D:6      | Gained mutation: You regenerate slowly when monsters are visible. [mutagenic meat]
  4069 | D:6      | Gained mutation: You are resistant to electric shocks. (rElec) [mutagenic meat]
  4073 | D:6      | Found a faded altar of an unknown god.
  4075 | D:6      | Found a shattered altar of Ashenzari.
  4077 | D:6      | Found a faded altar of an unknown god.
  4272 | D:7      | Found a staircase to the Ecumenical Temple.
  4360 | Temple   | Entered the Ecumenical Temple
  4578 | Temple   | Became a worshipper of Hepliaklqana the Forgotten
  4578 | Temple   | Reached * piety under Hepliaklqana
  4578 | Temple   | Reached ** piety under Hepliaklqana
  4581 | Temple   | Remembered your ancestor Tep as a knight
  4877 | D:7      | Reached skill level 10 in Polearms
  5122 | D:7      | Reached XP level 9. HP: 29/56 MP: 7/7
  5297 | D:7      | Reached skill level 10 in Armour
  5433 | D:7      | Found a glowing golden altar of the Shining One.
  5437 | D:7      | Found a sacrificial altar of Ru.
  5466 | D:7      | Found a basalt altar of Yredelemnul.
  5676 | D:8      | Found a bloodstained altar of Trog.
  5758 | D:8      | Reached *** piety under Hepliaklqana
  6080 | D:8      | Found a blossoming altar of Fedhas.
  6182 | D:8      | Found a staircase to the Lair.
  6408 | Lair:1   | Entered Level 1 of the Lair of Beasts
  6500 | Lair:1   | Noticed a spiny frog
  6507 | Lair:1   | Killed a spiny frog
  6546 | Lair:1   | Reached XP level 10. HP: 43/61 MP: 8/8
  6591 | Lair:1   | Noticed Joseph
  6621 | Lair:1   | Killed Joseph
  7120 | Lair:2   | Noticed a black mamba
  7133 | Lair:2   | Killed a black mamba
  7390 | Lair:2   | Reached **** piety under Hepliaklqana
  7738 | Lair:2   | Found a staircase to the Shoals.
  7738 | Lair:2   | Noticed a siren
  7761 | Lair:2   | Killed a siren
  8142 | D:6      | Bought a +5 vampiric glaive for 511 gold pieces
  8291 | Lair:3   | Noticed a spriggan rider
  8296 | Lair:3   | HP: 2/61 [spriggan rider/uncursed spear (23)]
  8297 | Lair:3   | Slain by a spriggan rider

Skill      XL: |  1  2  3  4  5  6  7  8  9 10 |
---------------+-------------------------------+-----
Armour         | 1 2 3 4 6 7 9 11 13 | 13.4
Polearms       | 4 5 6 7 8 10 12 13 | 13.9
Fighting       | |  3.6
Dodging        | |  3.2
Stealth        | |  1.5

Action                   |  1- 3 |  4- 6 |  7- 9 | 10-12 || total
-------------------------+-------+-------+-------+-------++-------
Melee: Spear             |    65 |       |       |       ||    65
       Headbutt          |     9 |    29 |    40 |     6 ||    84
       Flail             |    26 |   133 |    80 |       ||   239
       Trident           |       |       |   128 |       ||   128
       Glaive            |       |       |    13 |     8 ||    21
       Halberd           |       |       |    70 |   107 ||   177
Invok: Ancestor Life: Kn |       |       |     1 |       ||     1
       Ancestor Identity |       |       |     1 |       ||     1
       Recall Ancestor   |       |       |     2 |       ||     2
  Use: Scroll            |       |     1 |     8 |     6 ||    15
       Potion            |       |       |     1 |     3 ||     4
 Stab: Sleeping          |     5 |       |       |       ||     5
       Distracted        |       |       |     3 |       ||     3
  Eat: Chunk             |     2 |     5 |    15 |     5 ||    27
       Fruit             |       |       |       |     3 ||     3
       Beef jerky        |       |       |       |     3 ||     3
Armor: Robe              |     8 |       |       |       ||     8
       Leather armour    |     6 |     7 |       |       ||    13
       Chain mail        |       |    84 |   134 |       ||   218
       Ring mail         |       |       |    26 |    23 ||    49
Dodge: Dodged            |    43 |    97 |   141 |    25 ||   306
